 Dungeon Crawl Stone Soup version 0.30-a0-691-g754fce4c43 (webtiles) character file.

Game seed: 1279971920762017330

2090 Absynth the Chiller (level 9, -3/57 HPs)
             Began as a Demonspawn Ice Elementalist on Jan 19, 2023.
             Was an Initiate of Ashenzari.
             Killed from afar by Maggie (6 damage)
             ... with a bolt of fire
             ... on level 7 of the Dungeon.
             The game lasted 00:35:19 (7166 turns).

Absynth the Chiller (Demonspawn Ice Elementalist)   Turns: 7166, Time: 00:35:19

Health: -3/57      AC: 11    Str:  8    XL:     9   Next: 6%
Magic:  0/19       EV: 12    Int: 20    God:    Ashenzari [......]
Gold:   329        SH:  0    Dex: 15    Spells: 11/22 levels left

rFire   . . .      SeeInvis .    a - staff of cold
rCold   + . .      Faith    .    (no shield)
rNeg    + . .      Spirit   +    B - +0 steam dragon scales
rPois   +          Reflect  .    i - +0 helmet
rElec   .          Harm     .    u - +2 cloak
rCorr   .          Rampage  .    v - +0 pair of gloves
Will    .....                    h - +0 pair of boots of Ashenzari's Disgust {Fort, Elem} (curse)
Stlth   ++                       (no amulet)
HPRegen 0.29/turn                n - ring of positive energy
MPRegen 0.32/turn                E - ring of poison resistance

@: no status effects
A: hooves 1, magic shield, magic regeneration, demonic magic 3
a: Renounce Religion, Shatter the Chains


You were on level 7 of the Dungeon.
You worshipped Ashenzari.
Ashenzari was noncommittal.
You visited 2 branches of the dungeon, and saw 8 of its levels.

You collected 329 gold pieces.

Inventory:

Armour
 h - the cursed +0 pair of boots of Ashenzari's Disgust (worn) {Fort, Elem}
   (You found it on level 1 of the Dungeon)

   It has a curse which improves the following skills: Fortitude: Armour and
   Shields.
   Elements:  Fire Magic, Ice Magic, Air Magic and Earth Magic.
 i - a +0 helmet (worn)
 s - a +1 ring mail of willpower
 u - a +2 cloak (worn)
 v - a +0 pair of gloves (worn)
 B - +0 steam dragon scales (worn)
Magical Staves
 a - a staff of cold (weapon)
Jewellery
 n - a ring of positive energy (left hand)
 E - a ring of poison resistance (right hand)
Wands
 e - a wand of polymorph (8)
 p - a wand of flame (8)
 A - a wand of charming (8)
Scrolls
 b - 4 scrolls of immolation {unknown}
 g - a scroll of fear {unknown}
 j - a scroll of noise {unknown}
 k - 4 scrolls of teleportation
 l - a scroll of amnesia {unknown}
 r - a scroll of enchant armour {unknown}
 w - a scroll of vulnerability {unknown}
 x - a scroll of blinking {unknown}
 y - a scroll of acquirement {unknown}
Potions
 c - a potion of haste {unknown}
 d - 2 potions of curing
 f - 2 potions of might
 m - a potion of magic
 o - 2 potions of mutation {unknown}
 q - 2 potions of invisibility {unknown}
 t - 2 potions of attraction {unknown}
 z - 2 potions of flight {unknown}
 C - a potion of resistance {unknown}
 D - a potion of heal wounds {unknown}


   Skills:
 - Level 1.7 Dodging
 - Level 1.7 Stealth
 + Level 7.2 Spellcasting
 - Level 5.0 Summonings
 + Level 7.9(8.4) Ice Magic


You had 11 spell levels left.
You knew the following spells:

 Your Spells              Type           Power      Damage    Failure   Level
a - Freeze                Ice            100%       1d10      1%          1
b - Summon Ice Beast      Ice/Summ       50%        N/A       6%          4
f - Frozen Ramparts       Ice            100%       1d16      1%          3
r - Ozocubu's Armour      Ice            57%        N/A       1%          3

Your spell library contained the following spells:

 Spells                   Type           Power      Damage    Failure   Level
 Foxfire                  Conj/Fire      28%        2x1d5     10%         1
 Scorch                   Fire           14%        2d6       14%         2
 Metabolic Englaciation   Hex/Ice        18%        N/A       41%         5
 Flame Wave               Conj/Fire      7%         2d5       67%         4
 Summon Cactus Giant      Summ           13%        N/A       88%         6
 Simulacrum               Ice/Necr       18%        N/A       94%         6
 Fireball                 Conj/Fire      3%         3d4       95%         5
 Starburst                Conj/Fire      3%         6d3       100%        6


Dungeon Overview and Level Annotations

Branches:
Dungeon (7/15)             Temple (1/1) D:5

Altars:
Ashenzari
Cheibriados
Dithmenos
Fedhas
Gozag
Hepliaklqana
Kikubaaqudgha
Makhleb
Nemelex Xobeh
Qazlal
Ru
Sif Muna
Trog
Uskayaw
Vehumet
Xom
Yredelemnul

Shops:
D:4 *

Annotations:
D:7 Maggie
Abyss:1 Duvessa


Innate Abilities, Weirdness & Mutations

You have large cloven feet.
When hurt, damage is shared between your health and your magic reserves.
You regenerate magic rapidly.
Spells you cast and wands you use may paralyse nearby enemies.


Message History

You feel better.
The wall freezes Maggie!
Maggie gestures wildly while chanting.
Maggie attempts to bespell you!
You are mesmerised by Maggie!
The wall freezes Maggie.
Maggie hits you from afar with a +2 halberd of flaming!
* * * LOW HITPOINT WARNING * * *
Maggie burns you.
Casting: Frozen Ramparts (safe; 1% risk of failure)
Confirm with . or Enter, or press ? or * to list all spells.
Okay, then.
You feel better.
The frozen ramparts melt away.
Maggie hits you from afar with a +2 halberd of flaming.
* * * LOW HITPOINT WARNING * * *
Maggie burns you.
* * * LOW HITPOINT WARNING * * *
Casting: Frozen Ramparts (safe; 1% risk of failure)
Confirm with . or Enter, or press ? or * to list all spells.
Okay, then.
You cannot move away from Maggie!
Unknown command.
Maggie hits you with a +2 halberd of flaming!
* * * LOW HITPOINT WARNING * * *
Maggie burns you.
* * * LOW HITPOINT WARNING * * *
You hit Maggie but do no damage.
Maggie is heavily wounded.
Maggie hits you with a +2 halberd of flaming.
* * * LOW HITPOINT WARNING * * *
Maggie burns you.
* * * LOW HITPOINT WARNING * * *
Aiming: Charm
Press: ? - help, Shift-Dir - straight line, f - Maggie
Aim: Maggie, wielding a +2 halberd of flaming, wearing +0 swamp dragon scales and carrying a wand of flame (6) (heavily wounded, mesmerising, chance to affect: 49%) Maggie resists with some effort.
Malevolent energies surge around you.
Maggie suddenly stops moving!
You break out of your daze!
Maggie casts a spell at you. The bolt of fire hits you!
You die...

#......# #########
###########......#####........
......†..........@.@)....>....
#########....###.###).........
...........# #.# #.......... #
.######....# #.# ######.#### #
#....# #.# ... # #....# #.#
[y. # ...... #@#


yo. # .......##.# ... # ......##.. # ###. # .. # ## ## .# .### You could see
Maggie.

Vanquished Creatures
  A wyvern (D:7)
  A steam dragon (D:6)
  An ice beast (D:5)
  2 black bears
  A phantom (D:4)
  Blork the orc (D:4)
  A bullfrog (D:6)
  2 necrophages (D:6)
  4 scorpions
  Dowan (D:6)
  5 killer bees (D:7)
  3 hounds
  Crazy Yiuf (D:4)
  An orc wizard (D:3)
  An iguana (D:5)
  Robin (D:2)
  3 gnolls (D:5)
  6 adders
  2 white imps
  3 ufetubi
  2 worms
  A dart slug (D:5)
  25 orcs
  8 bats
  5 endoplasms
  3 giant cockroaches
  10 goblins
  11 hobgoblins
  4 jackals
  4 quokkas
  6 ball pythons
  3 frilled lizards
  4 kobolds
  10 rats
137 creatures vanquished.

Vanquished Creatures (collateral kills)
  An ice beast (D:7)
1 creature vanquished.

Vanquished Creatures (others)
  4 fungi (D:5)
4 creatures vanquished.

Grand Total: 142 creatures vanquished

Notes
Turn   | Place    | Note
-------+----------+-------------------------------------------
     0 | D:1      | Absynth the Demonspawn Ice Elementalist began the quest for
                  | the Orb.
     0 | D:1      | Reached XP level 1. HP: 13/13 MP: 3/3
   250 | D:1      | Gained mutation: You regenerate magic rapidly. [demonic
                  | ancestry]
   250 | D:1      | Reached XP level 2. HP: 15/19 MP: 5/5
   357 | D:1      | Found a faded altar of an unknown god.
  1172 | D:2      | Noticed Robin
  1199 | D:2      | Gained mutation: When hurt, damage is shared between your
                  | health and your magic reserves. [demonic ancestry]
  1199 | D:2      | Reached XP level 3. HP: 24/24 MP: 7/7
  2002 | D:2      | Gained mutation: You have large cloven feet. [demonic
                  | ancestry]
  2002 | D:2      | Reached XP level 4. HP: 30/30 MP: 6/8
  2005 | D:2      | Killed Robin
  2236 | D:2      | Learned a level 3 spell: Frozen Ramparts
  2240 | D:2      | Learned a level 3 spell: Ozocubu's Armour
  2370 | D:3      | You fall into a shaft and drop 2 floors!
  2370 | D:5      | Entered Level 5 of the Dungeon
  2377 | D:4      | Found Dias's Assorted Antiques.
  2721 | D:3      | Reached XP level 5. HP: 32/35 MP: 2/10
  2992 | D:3      | Reached skill level 5 in Ice Magic
  2997 | D:3      | Learned a level 4 spell: Summon Ice Beast
  3345 | D:4      | Gained mutation: Spells you cast may paralyse adjacent
                  | enemies. [demonic ancestry]
  3345 | D:4      | Reached XP level 6. HP: 41/41 MP: 5/12
  3412 | D:4      | Noticed Blork the orc
  3532 | D:4      | Found a sparkling altar of Nemelex Xobeh.
  3834 | D:4      | Found a burning altar of Makhleb.
  4017 | D:4      | Killed Blork the orc
  4132 | D:4      | Found a runed translucent door.
  4133 | D:4      | Noticed Crazy Yiuf
  4140 | D:4      | Killed Crazy Yiuf
  4383 | D:5      | Gained mutation: Spells you cast may paralyse nearby
                  | enemies. [demonic ancestry]
  4383 | D:5      | Reached XP level 7. HP: 46/46 MP: 8/13
  4615 | D:5      | Reached skill level 5 in Summonings
  5397 | D:5      | Found a staircase to the Ecumenical Temple.
  5406 | Temple   | Entered the Ecumenical Temple
  5455 | Temple   | Became a worshipper of Ashenzari the Shackled
  5738 | D:6      | Reached skill level 5 in Spellcasting
  5738 | D:6      | Noticed Duvessa
  5744 | D:6      | Noticed Dowan
  5745 | D:6      | Banished Duvessa
  5746 | D:6      | Reached XP level 8. HP: 52/52 MP: 8/15
  5757 | D:6      | Killed Dowan
  7138 | D:7      | Noticed Maggie
  7141 | D:7      | Gained mutation: Spells you cast and wands you use may
                  | paralyse nearby enemies. [demonic ancestry]
  7141 | D:7      | Reached XP level 9. HP: 44/57 MP: 12/19
  7158 | D:7      | HP: 2/57 [Maggie/+2 halberd of flaming (1)]
  7166 | D:7      | Killed from afar by Maggie

Illustrated notes

Levels and vault maps discovered:
D:1:      minmay_arrival_up_and_down, layout_basic, ebering_ecumenical_altar_box
D:2:      layout_loops_corners, uniq_robin
D:3:      layout_basic
D:4:      layout_rooms, nemelex_diamond_rough_becter, kennysheep_mini,
          serial_shops, nicolae_stop_n_shop_1, hangedman_decor_slide_cut,
          kennysheep_generic_room_12, uniq_crazy_yiuf_cottage,
          uniq_blork_the_orc
D:5:      layout_basic, temple_hall, small_statue_intersection,
          dreamdust_gnoll_farm
D:6:      layout_loops_ring, kennysheep_small_spiral, uniq_duvessa
D:7:      layout_basic, uniq_maggie
Temple:   dpeg_three_leaves_temple

Skill      XL: |  1  2  3  4  5  6  7  8 |
---------------+-------------------------+-----
Ice Magic      | 4 5 6 7 |  7.9
Spellcasting   | 3 4 5 7 |  7.2
Summonings     | 2 4 5 |  5.0
Dodging        | |  1.7
Stealth        | |  1.7

Action                   |  1- 3 |  4- 6 |  7- 9 || total
-------------------------+-------+-------+-------++-------
Melee: Short sword       |    60 |     1 |       ||    61
       Dagger            |       |     9 |     9 ||    18
       Quarterstaff      |       |     2 |    50 ||    52
       Staff             |       |       |    15 ||    15
 Fire: Sling             |       |    86 |    24 ||   110
 Cast: Freeze            |    60 |    67 |    34 ||   161
       Frozen Ramparts   |       |     9 |    17 ||    26
       Ozocubu's Armour  |       |     1 |     5 ||     6
       Summon Ice Beast  |       |       |     2 ||     2
Invok: Curse Item        |       |       |     1 ||     1
Evoke: Wand              |       |       |     1 ||     1
  Use: Scroll            |       |       |     4 ||     4
       Potion            |       |       |     2 ||     2
 Stab: Sleeping          |     9 |       |       ||     9
       Paralysed         |       |     5 |     6 ||    11
Armor: Robe              |    32 |    16 |    30 ||    78
       Steam dragon scal |       |       |     6 ||     6
Dodge: Dodged            |    80 |    27 |    70 ||   177

Table legend: (Time is in decaauts)
 A = Elapsed time spent in this place.
 B = Non-inter-level travel time spent in this place.
 C = Inter-level travel time spent in this place.
 D = Time resting spent in this place.
 E = Time spent auto-exploring this place.
 F = Levels seen in this place.
 G = Mean time per level.
                   A        B        C        D        E       F      G
               +--------+--------+--------+--------+--------+-----+--------+
         Total |   7211 |   6988 |    223 |   1148 |   4140 |   8 |  901.4 |
       Dungeon |   7138 |   6915 |    223 |   1148 |   4140 |   7 | 1019.7 |
        Temple |     73 |     73 |      0 |      0 |      0 |   1 |   73.0 |
               +--------+--------+--------+--------+--------+-----+--------+

Top non-repeatable levels by time:
     D:5: 1324 daAuts
     D:6: 1227 daAuts
     D:2: 1159 daAuts
     D:1: 1154 daAuts
     D:3: 1085 daAuts
     D:4: 873 daAuts
     D:7: 313 daAuts
  Temple: 73 daAuts
